 Dungeon Crawl Stone Soup version 0.28.0-47-ge53b351184 (webtiles) character file.

Game seed: 609823889326487692

849 101zpm the Magician (level 8, -2/50 HPs)
             Began as a Djinni Fire Elementalist on May 7, 2022.
             Was an Initiate of Hepliaklqana.
             Engulfed by a cloud of flame (6 damage)
             ... in an ossuary.
             The game lasted 00:09:02 (5210 turns).

101zpm the Magician (Djinni Fire Elementalist)      Turns: 5210, Time: 00:09:04

Health: -2/50      AC:  2    Str:  7    XL:     8   Next: 21%
Gold:   85         EV: 12    Int: 19    God:    Hepliaklqana [......] SH:  0 Dex: 14

rFire   + + .      SeeInvis .   (no weapon)
rCold   x . .      Faith    .   (no shield)
rNeg    . . .      Spirit   .   a - +0 robe
rPois   ∞          Reflect  .   (no helmet)
rElec   .          Harm     .   (no cloak)
rCorr   .          Rampage  .   (no gloves)
Will    .....                   (boots unavailable)
Stlth   ++........              (no amulet)
HPRegen 0.16/turn               (no ring)
MPRegen 0.00/turn               (no ring)

@: flying
A: sickness immunity, fire resistance 2, cold vulnerability 1, float, innate
caster, HP casting, extra vitality 1
a: Renounce Religion


You were in an ossuary.
You worshipped Hepliaklqana.
Hepliaklqana was noncommittal.
You visited 2 branches of the dungeon, and saw 6 of its levels.
You also visited: Ossuary.

You collected 85 gold pieces.

Inventory:

Armour
 a - a +0 robe (worn)
Scrolls
 c - a scroll of teleportation
 e - a scroll of identify
 h - a scroll of torment
Potions
 b - a potion of flight {unknown}
 d - a potion of mutation {unknown}
 f - 2 potions of haste {unknown}
 g - a potion of attraction {unknown}


   Skills:
 + Level 2.4 Dodging
 + Level 2.7 Stealth
 + Level 0.1 Unarmed Combat
 + Level 6.8 Spellcasting


You had one spell level left.
You knew the following spells:

 Your Spells              Type           Power      Damage    Failure   Level
a - Foxfire               Conj/Fire      100%       2x1d9     1%          1
b - Scorch                Fire           64%        2d8       1%          2
c - Conjure Flame         Conj/Fire      32%        6-21      1%          3
d - Inner Flame           Hex/Fire       32%        N/A       1%          3
e - Flame Wave            Conj/Fire      32%        2d8       6%          4
f - Sandblast             Erth           64%        2d14      1%          1
g - Call Imp              Summ           32%        N/A       1%          2
h - Confusing Touch       Hex            32%        N/A       1%          3
Your spell library was empty.

Dungeon Overview and Level Annotations

Branches:
Dungeon (5/15)             Temple (1/1) D:5         Ossuary (1/1)

Altars:
Ashenzari
Cheibriados
Dithmenos
Elyvilon
Gozag
Hepliaklqana
Kikubaaqudgha
Makhleb
Okawaru
Qazlal
Ru
Sif Muna
Uskayaw
Vehumet
Wu Jian
Xom
Yredelemnul


Innate Abilities, Weirdness & Mutations

You are immune to sickness and miasma.
You are immune to poison.
Your flesh is very heat resistant. (rF++)
You are vulnerable to cold. (rC-)
You float through the air rather than walking.
You learn spells naturally, not from books.
Your magical power is your life essence.
You have superior vitality. (+4 MHP)


Message History

Flame seeps out of the wyvern zombie.
A mummy comes into view.
The wyvern zombie is engulfed in blazing flames.
The wyvern zombie explodes!
Casting: Inner Flame (safe; 1% risk of failure)
Confirm with . or Enter, or press ? or * to list all spells.
Aiming: Inner Flame (safe; 1% risk of failure)
Press: ? - help, Dir - move target, f - mummy
Aim: a mummy (chance to affect: 84%)
The mummy is filled with an inner flame.
A centaur zombie comes into view.
Casting: Inner Flame (safe; 1% risk of failure)
Confirm with . or Enter, or press ? or * to list all spells.
Aiming: Inner Flame (safe; 1% risk of failure)
Press: ? - help, Dir - move target, f - centaur zombie, p - mummy
Aim: a centaur zombie (flame, chance to affect: 91%)
The centaur zombie is filled with an inner flame.
The centaur zombie is engulfed in blazing flames.
Flame seeps out of the centaur zombie.
Casting: Foxfire (safe; 1% risk of failure)
Press: ? - help, Q - select action, (/) - cycle Dir - look around, f - activate You conjure some foxfire!
The centaur zombie is engulfed in blazing flames.
Flame seeps out of the centaur zombie.
The centaur zombie barely misses you. x2
A mummy comes into view.
The foxfire hits the centaur zombie.
Flame seeps out of the centaur zombie.
The centaur zombie is almost destroyed.
The foxfire hits the centaur zombie.
Flame seeps out of the centaur zombie.
The centaur zombie is almost destroyed.
The centaur zombie is engulfed in blazing flames.
The centaur zombie explodes!
The fiery explosion engulfs you! You resist.
* * * LOW HITPOINT WARNING * * *
There is a gate leading back out of this place here.
Casting: Foxfire (safe; 1% risk of failure)
Press: ? - help, Q - select action, (/) - cycle Dir - look around, f - activate You conjure some foxfire!
* * * LOW HITPOINT WARNING * * *
You are engulfed in blazing flames.
You resist.
You die...

#####
#§v@#
#§v§#
#○§§#
##○##


.MM #+#' .# ## You could see a mummy (inner flame, ally target).

Vanquished Creatures
  An orc warrior (D:4)
  An ogre (D:4)
  A necrophage (D:4)
  A bullfrog (D:4)
  A wyvern zombie (Ossuary)
  2 water moccasin skeletons
  A centaur zombie (Ossuary)
  An iguana (D:4)
  Terence (D:2)
  3 orc wizards (D:4)
  2 killer bee zombies (Ossuary)
  A hound skeleton (D:4)
  2 mummies (Ossuary)
  4 adders
  4 gnolls (D:4)
  A worm (D:2)
  9 orcs (D:4)
  3 ball pythons
  4 endoplasms
  3 giant cockroaches
  3 goblins
  2 hobgoblins
  6 kobolds
  2 quokkas (D:2)
  2 bats (D:2)
  2 frilled lizards (D:2)
  A quokka zombie (D:5)
  2 rats
  A rat zombie (D:5)
67 creatures vanquished.

Vanquished Creatures (others)
  303 foxfires
  A withered plant (Ossuary)
304 creatures vanquished.

Grand Total: 371 creatures vanquished

Notes
Turn   | Place    | Note
-------+----------+-------------------------------------------
     0 | D:1      | 101zpm the Djinni Fire Elementalist began the quest for the
                  | Orb.
     0 | D:1      | Reached XP level 1. HP: 15/15 MP: 0/0
   634 | D:2      | Reached XP level 2. HP: 19/21 MP: 0/0
  1317 | D:2      | Reached skill level 3 in Spellcasting
  1729 | D:2      | Reached XP level 3. HP: 22/25 MP: 0/0
  1729 | D:2      | Learned a level 1 spell: Sandblast
  1854 | D:2      | Noticed Terence
  1863 | D:2      | Killed Terence
  1864 | D:2      | Reached XP level 4. HP: 8/31 MP: 0/0
  2088 | D:2      | Found a faded altar of an unknown god.
  2109 | D:2      | Found a faded altar of an unknown god.
  3075 | D:4      | Noticed a bullfrog
  3079 | D:4      | Killed a bullfrog
  3080 | D:4      | Reached skill level 4 in Spellcasting
  3080 | D:4      | Reached XP level 5. HP: 28/35 MP: 0/0
  3080 | D:4      | Learned a level 2 spell: Call Imp
  3086 | D:4      | Noticed an ogre
  3090 | D:4      | Killed an ogre
  3091 | D:4      | Reached XP level 6. HP: 25/40 MP: 0/0
  3396 | D:4      | Reached skill level 5 in Spellcasting
  3841 | D:4      | Reached XP level 7. HP: 40/45 MP: 0/0
  3841 | D:4      | Learned a level 3 spell: Confusing Touch
  4651 | D:4      | Reached skill level 6 in Spellcasting
  4883 | D:5      | Entered Level 5 of the Dungeon
  4929 | D:5      | Found a staircase to the Ecumenical Temple.
  4935 | Temple   | Entered the Ecumenical Temple
  5128 | Temple   | Became a worshipper of Hepliaklqana the Forgotten
  5156 | D:5      | Found a sand-covered staircase.
  5186 | Ossuary  | Entered an ossuary
  5195 | Ossuary  | Reached XP level 8. HP: 37/50 MP: 0/0
  5210 | Ossuary  | Engulfed by a cloud of flame

Illustrated notes

Levels and vault maps discovered:
D:1:      lightli_arrival_quake, layout_loops_ring
D:2:      layout_loops_ring, hellmonk_ecumenical_altar_the_god_not_taken,
          uniq_terence
D:3:      layout_basic, nicolae_underground_beach, uniq_jessica
D:4:      layout_gridville, kennysheep_generic_room_7
D:5:      layout_loops_ring, nicolae_tso_carved_into_rock,
          minmay_temple_entry_butterflies, enter_ossuary_4
Temple:   minmay_crystal_spiral_temple
Ossuary:  ossuary_zaba_flooded

Skill      XL: |  1  2  3  4  5  6  7 |
---------------+----------------------+-----
Spellcasting   | 3 4 5 6 |  6.8
Stealth        | 2 |  2.7
Dodging        | |  2.4
Unarmed Combat | |  0.1

Action                   |  1- 3 |  4- 6 |  7- 9 || total
-------------------------+-------+-------+-------++-------
Melee: Unarmed           |    30 |       |       ||    30
 Cast: Foxfire           |    66 |    87 |    35 ||   188
       Scorch            |    14 |     5 |    12 ||    31
       Inner Flame       |       |    10 |    11 ||    21
       Call Imp          |       |     1 |     3 ||     4
  Use: Scroll            |       |       |     5 ||     5
Armor: Robe              |    12 |       |       ||    12
Dodge: Dodged            |    25 |     3 |     4 ||    32
